Megara, chaotic female elven Priestess --- ..)-- .....| .h.@-- h |..h| --))| --d| |.| |.| |.| -^| k ..- .<.. -.... ---... .^.... ----- Megara the Aspirant Experience level: 2 Strength: 12 Dexterity: 12 Constitution: 12 Intelligence: 18 Wisdom: 10 Charisma: 10 Health: 0(19) Energy: 20(20) Def: 8 Gold: 350 Moves: 1538 Dungeon seed: hgd3Oc7Q9lLcuo1H Game ID: Megara_1522764701 Your Inventory: Weapons a - a blessed +1 mace (weapon in hand) w - an uncursed +0 elven dagger Wands f - an uncursed wand of cancellation (0:1) x - an uncursed wand of polymorph (0:7) Potions b - 4 potions of holy water B - an uncursed potion of speed Scrolls o - an uncursed scroll of identify p - an uncursed scroll of scare monster s - an uncursed scroll of fire t - an uncursed scroll of identify z - 2 uncursed scrolls of scare monster A - an uncursed scroll of teleportation Tools j - an uncursed wooden flute Amulets v - an uncursed amulet versus poison (being worn) Armor e - an uncursed +0 robe (being worn) n - an uncursed +0 small shield (being worn) r - an uncursed +0 scale mail (being worn) N - a blessed +0 orcish helm (being worn) Gems q - an uncursed worthless piece of green glass y - an uncursed worthless piece of yellowish brown glass Coins $ - 350 gold pieces Comestibles C - an uncursed food ration D - an uncursed gnomish wizard corpse Spellbooks g - an uncursed spellbook of detect monsters Spells and supernatural/magical abilities: Name Level Category Fail Memory l - light 1 divination 69% 93% n - detect monsters 1 divination 69% 93% p - protection 1 clerical 67% 93% W - pray for help -- divine ? -- X - turn undead -- divine ? -- Your skills at the end: Miscellaneous Skills shield [Basic] wands [Basic] stealth [Basic] Weapon Skills mace [Basic] Spellcasting Skills clerical spells [Basic] Final Attributes: You were piously aligned. You were poison resistant. Your writing hand was a little cramped from use. You had infravision. You are dead. Vanquished creatures: a gnome lord a gnomish wizard 2 hobbits 2 acid blobs a gecko a giant rat 5 gnomes 3 manes 3 jackals 3 newts 2 goblins 3 sewer rats 4 grid bugs a bat 2 lichens a kobold zombie 35 creatures vanquished. Voluntary challenges: You did not cause conflict. You were not invisible. You did not have reflection. You were not displaced. You were an atheist. You used a wielded weapon 7 times, starting on turn 9. You did not use tools. You did not use plumbed fixtures. You did not drink any magical draughts. You read items or engraved 2 times, starting on turn 1088. You never genocided any monsters. You never polymorphed an object. You never changed form. You used no wishes. You never split a pudding. You wrote Elbereth's name 1 time, starting on turn 1484. You never violated your personal moral code. Dungeon overview: The Dungeons of Doom: levels 1 to 4 Level 1 a long staircase Level 2 stairs to The Gnomish Mines Level 3 a general store Level 4 The Gnomish Mines: levels 3 to 4 Level 3 <- You were here stairs to The Dungeons of Doom Level 4 History has recorded: On T:1 you entered the Dungeons of Doom to retrieve the Amulet of Yendor! On T:115 you reached level 2 of The Dungeons of Doom. On T:532 you reached level 1 of The Gnomish Mines. On T:705 you reached level 3 of The Dungeons of Doom. On T:1013 you reached level 4 of The Dungeons of Doom. On T:1413 you reached level 2 of The Gnomish Mines. On T:1525 you advanced to experience level 2. Score breakdown: Gold: 350 ( 35 points) Experience: 2 levels ( 100 points) Exploration: 4 levels ( 90 points) Discoveries: 10 items ( 500 points) Variety of kills: 16 monsters ( 800 points) Major goal: (nothing yet) ( 0 points) Survival: died (score multiplied by 3) Total score: 4575 Latest messages: The dwarf king wields a stout spear! The stout spears weld themselves to the dwarf king's hand! The gnomish wizard points all around, then curses. You kill the gnomish wizard! Welcome to experience level 2. You feel more confident in your skills. You are now more skilled in stealth. You see here an uncursed gnomish wizard corpse. D - an uncursed gnomish wizard corpse. You rebalance your load. Movement is difficult. You hear some noises. Scary Dog moves only reluctantly. Please move the cursor to an unknown object. Never mind. There are a few objects here. (2x) Elf needs food, badly! You stagger under your heavy load. Movement is very hard. The large kobold throws a dart! Something is hit. Something is destroyed! The dwarf king picks up a cursed crossbow. The dwarf king thrusts one of his stout spears at you. The dwarf king jabs you! You die... Final status: Goodbye Megara the Priestess, killed by a dwarf king... You died in The Gnomish Mines on dungeon level 3 with 4575 points, and 350 pieces of gold, after 1538 moves. You were level 2 with a maximum of 19 hit points when you died.